AoeStats
← Johnnyringo116

Arabia

504508753Analyzed
1v1 RM · 28d ago on Sep 5, 2026· 20m 44s· 2 players
Game mode
Random Map
Map size
Tiny (2 player)
Population
200
Speed
Normal
Resources
Standard
Victory
Conquest
Starting age
Dark Age
Ending age
Imperial Age
RankedLock teamsTeams togetherTeam positionsShared explorationLock speedFull tech treeHidden civsTurbo modeCheats
Victory
Defeat
🇨🇴 Khitans · Colombia
796
+16
🇺🇸 Turks · United States
798
-21
Slumdawwg5940
9:42 Feudal Age
10:14 Double-Bit Axe
10:22 Domestication
18:57 Castle Age
17:13 Forging
17:13 Gold Mining
18:40 Scale Barding Armor
18:59 Light Cavalry
20:31 Iron Casting
Johnnyringo116
11:43 Feudal Age
14:26 Double-Bit Axe
17:10 Wheelbarrow
18:14 Fletching
22:05 Castle Age
Connection lost

Rejoining the realm…

Still unreachable

The connection could not be restored.

Session expired

The server has moved on; the page needs a fresh start.